 Dungeon Crawl Stone Soup version 0.29-a0-321-gf1c400731a (webtiles) character file.

Game seed: 1503421329889323591

499183 Dabor the Champion of Chaos (level 23, -3/181 HPs)
             Began as a Demonspawn Ice Elementalist on Apr 5, 2022.
             Was the Champion of Makhleb.
             Succumbed to a green death's poison arrow
             ... on level 2 of the Depths.
             The game lasted 03:04:00 (59405 turns).

Dabor the Champion of Chaos (DsIE)                 Turns: 59405, Time: 03:04:00

Health: -3/181     AC: 33    Str:  6    XL:     23   Next: 72%
Magic:  26/50      EV: 21    Int: 31    God:    Makhleb [******]
Gold:   2982       SH:  8    Dex: 25    Spells: 10/51 levels left

rFire   + . .      SeeInvis +   j - +10 falchion of Peace {spect, +Blink rElec Dex+2}
rCold   + + +      Faith    .   C - +1 buckler {rC+}
rNeg    . . .      Spirit   .   x - +9 ice dragon scales "Boick" {rElec rF- rC++ SInv}
rPois   .          Reflect  .   G - +0 mask of the Dragon {Will+ Slay+3 SInv}
rElec   +          Harm     .   (cloak unavailable)
rCorr   +          Rampage  .   v - +3 pair of gauntlets of War {Slay+5}
Will    ++++.                   i - +2 pair of boots of Zathesiph {MP+9 Dex+3}
Stlth   +++++.....              W - amulet of Counuus {RegenMP Slay+2}
HPRegen 0.40/turn               e - ring "Hosuz" {rF+ Will++ AC+4 Str-3 Dex+2 Stlth+}
MPRegen 0.72/turn               S - ring "Fixische" {rF+ rCorr Int+3 Dex+3}

@: lethally poisoned (-3 -> -28), very slightly contaminated, studying Throwing,
unable to drink
A: demonic guardian 3, ignite blood 3, augmentation 3, sturdy frame 3, weakness
stinger 3, clever 1, passive freeze
}: 3/15 runes: barnacled, silver, gossamer
a: Renounce Religion, Evoke Blink, Minor Destruction, Lesser Servant of Makhleb,
Major Destruction, Greater Servant of Makhleb


You were on level 2 of the Depths.
You worshipped Makhleb.
Makhleb was exalted by your worship.
You visited 9 branches of the dungeon, and saw 42 of its levels.
You also visited: Sewer, Ice Cave and Volcano.

You collected 9591 gold pieces.
You spent 6609 gold pieces at shops.

Inventory:

Hand Weapons
 j - the +10 falchion of Peace (weapon) {spect, +Blink rElec Dex+2}
   (You found it on level 2 of the Spider Nest)

   When its wielder attacks, the weapon's spirit leaps out and strikes again.
   The spirit shares a part of any damage it takes with its wielder.
   Dex:       It affects your dexterity (+2).
   rElec:     It insulates you from electricity.
   +Blink:    It lets you blink.
Missiles
 k - 42 poisoned darts
 U - 3 throwing nets
Armour
 i - the +2 pair of boots of Zathesiph (worn) {MP+9 Dex+3}
   (You found it on level 5 of the Vaults)

   Dex:       It affects your dexterity (+3).
   MP:        It affects your magic capacity (+9).
 v - the +3 pair of gauntlets of War (worn) {Slay+5}
   (You bought it in a shop on level 2 of the Vaults)

   Slay:      It affects your accuracy & damage with ranged weapons and melee
   (+5).
 x - the +9 ice dragon scales "Boick" (worn) {rElec rF- rC++ SInv}
   (You found it in an ice cave)

   rF:        It makes you vulnerable to fire.
   rC:        It greatly protects you from cold.
   rElec:     It insulates you from electricity.
   SInv:      It lets you see invisible.
 C - a +1 buckler of cold resistance (worn)
 G - the +0 mask of the Dragon (worn) {Will+ Slay+3 SInv}
   (You bought it in a shop on level 1 of the Elven Halls)

   Slay:      It affects your accuracy & damage with ranged weapons and melee
   (+3).
   SInv:      It lets you see invisible.
   Will:      It increases your willpower.
 O - a +2 pair of boots of rampaging
Jewellery
 e - the ring "Hosuz" (left hand) {rF+ Will++ AC+4 Str-3 Dex+2 Stlth+}
   (You bought it in a shop on level 1 of the Depths)

   [ring of protection]

   AC:        It affects your AC (+4).
   Str:       It affects your strength (-3).
   Dex:       It affects your dexterity (+2).
   rF:        It protects you from fire.
   Will:      It greatly increases your willpower.
   Stlth:     It makes you more stealthy.
 g - the amulet of Hosap {Acrobat rCorr Dex+10}
   (You took it off a deep elf high priest on level 3 of the Elven Halls)

   [amulet of the acrobat]

   It increases your evasion while moving and waiting.
   Dex:       It affects your dexterity (+10).
   rCorr:     It protects you from acid and corrosion.
 J - a ring of poison resistance
 N - a ring of flight
 S - the ring "Fixische" (right hand) {rF+ rCorr Int+3 Dex+3}
   (You bought it in a shop on level 2 of the Dungeon)

   [ring of protection from fire]

   Int:       It affects your intelligence (+3).
   Dex:       It affects your dexterity (+3).
   rF:        It protects you from fire.
   rCorr:     It protects you from acid and corrosion.
 W - the amulet of Counuus (around neck) {RegenMP Slay+2}
   (You bought it in a shop on level 1 of the Depths)

   [amulet of magic regeneration]

   It increases your rate of magic regeneration.
   Slay:      It affects your accuracy & damage with ranged weapons and melee
   (+2).
 Y - the amulet of the Distant Future {Reflect -Tele Regen+ rCorr Int+2 SH+5}
   (You bought it in a shop on level 2 of the Orcish Mines)

   [amulet of reflection]

   It reflects blocked missile attacks.
   Int:       It affects your intelligence (+2).
   -Tele:     It prevents most forms of teleportation.
   Regen:     It increases your rate of health regeneration.
   rCorr:     It protects you from acid and corrosion.
   SH:        It affects your SH (+5).
Wands
 p - a wand of acid (14)
 q - a wand of iceblast (63)
 y - a wand of digging (23)
Scrolls
 d - 10 scrolls of immolation
 f - 26 scrolls of teleportation
 l - 9 scrolls of fog
 n - 3 scrolls of holy word
 o - 5 scrolls of fear
 r - 13 scrolls of amnesia
 s - 8 scrolls of blinking
 w - 14 scrolls of vulnerability
 B - 15 scrolls of magic mapping
 E - 4 scrolls of summoning
 F - 4 scrolls of enchant weapon
 I - 6 scrolls of enchant armour
 V - a scroll of silence
Potions
 b - 8 potions of might
 c - 18 potions of curing
 h - 10 potions of flight
 m - 4 potions of invisibility
 t - 8 potions of lignification
 u - 8 potions of haste
 z - 7 potions of heal wounds
 A - 11 potions of mutation
 D - 3 potions of cancellation
 H - 4 potions of resistance
 K - 5 potions of berserk rage
 L - 5 potions of brilliance
 M - 5 potions of attraction
 X - 6 potions of magic
 Z - 10 potions of ambrosia
Miscellaneous
 a - a tin of tremorstones (2/2)
 P - a phial of floods (inert)
 Q - a phantom mirror
 R - a box of beasts
 T - a lightning rod (1/4)


   Skills:
 - Level 15.0 Fighting
 - Level 14.0 Long Blades
 - Level 10.0 Armour
 - Level 14.0 Dodging
 - Level 7.0 Stealth
 - Level 8.0 Shields
 + Level 14.9 Spellcasting
 * Level 15.4 Conjurations
 - Level 15.1 Ice Magic
 * Level 15.0 Air Magic
 - Level 16.0 Invocations
 - Level 5.0 Evocations


You had 10 spell levels left.
You knew the following spells:

 Your Spells              Type           Power      Damage    Failure   Level
a - Freeze                Ice            100%       1d11      0%          1
b - Frozen Ramparts       Ice            100%       1d12      1%          3
c - Ozocubu's Armour      Ice            87%        N/A       1%          3
d - Hailstorm             Conj/Ice       87%        3d17      1%          4
e - Freezing Cloud        Conj/Ice/Air   43%        6-21      1%          5
f - Ozocubu's Refrigerat  Ice            43%        4d13      7%          7
g - Lightning Bolt        Conj/Air       43%        1d63      1%          5
h - Conjure Ball Lightni  Conj/Air       43%        3x3d15    1%          6
i - Orb of Destruction    Conj           43%        9d12      6%          7

Your spell library contained the following spells:

 Spells                   Type           Power      Damage    Failure   Level
 Magic Dart               Conj           100%       1d8       0%          1
 Shock                    Conj/Air       100%       1d9       0%          1
 Static Discharge         Conj/Air       87%        N/A       0%          2
 Corpse Rot               Necr/Air       100%       N/A       1%          2
 Poisonous Vapours        Pois/Air       100%       N/A       1%          2
 Conjure Flame            Conj/Fire      63%        6-21      1%          3
 Mephitic Cloud           Conj/Pois/Air  72%        N/A       1%          3
 Airstrike                Air            43%        N/A       1%          4
 Ice Form                 Ice/Tmut       63%        N/A       1%          4
 Sticky Flame             Conj/Fire      63%        2d8       1%          4
 Summon Lightning Spire   Summ/Air       63%        N/A       1%          4
 Iskenderun's Battlesphe  Conj           87%        2d13      1%          5
 Animate Skeleton         Necr           46%        N/A       4%          1
 Apportation              Tloc           46%        N/A       4%          1
 Pain                     Necr           92%        1d8       4%          1
 Slow                     Hex            92%        N/A       4%          1
 Summon Small Mammal      Summ           92%        N/A       4%          1
 Fireball                 Conj/Fire      31%        3d13      4%          5
 Irradiate                Conj/Tmut      31%        3d23      4%          5
 Metabolic Englaciation   Hex/Ice        31%        N/A       5%          5
 Silence                  Hex/Air        31%        N/A       5%          5
 Call Canine Familiar     Summ           23%        N/A       13%         3
 Confusing Touch          Hex            23%        N/A       13%         3
 Summon Guardian Golem    Hex/Summ       23%        N/A       13%         3
 Vampiric Draining        Necr           23%        2d7       13%         3
 Simulacrum               Ice/Necr       31%        N/A       28%         6
 Animate Armour           Summ/Erth      46%        N/A       38%         4
 Dispel Undead            Necr           23%        3d12      38%         4
 Leda's Liquefaction      Hex/Erth       11%        N/A       38%         4
 Olgreb's Toxic Radiance  Pois           23%        N/A       38%         4
 Blade Hands              Tmut           11%        N/A       75%         5
 Lee's Rapid Deconstruct  Erth           11%        3d9*      75%         5
 Dispersal                Tloc           11%        N/A       100%        6
 Statue Form              Tmut/Erth      15%        N/A       100%        6
 Dragon Form              Tmut           11%        N/A       100%        7
 Malign Gateway           Summ/Tloc      11%        N/A       100%        7
 Disjunction              Tloc           11%        N/A       100%        8
 Ignition                 Fire           11%        3d5       100%        8
 Summon Horrible Things   Summ           11%        N/A       100%        8
 Chain Lightning          Conj/Air       43%        3d58      100%        9
 Polar Vortex             Ice            43%        N/A       100%        9


Dungeon Overview and Level Annotations

Branches:
Dungeon (15/15)            Temple (1/1) D:5            Lair (6/6) D:9
 Shoals (4/4) Lair:3       Spider (4/4) Lair:4        Slime (0/5) Lair:6
    Orc (2/2) D:9             Elf (3/3) Orc:2        Vaults (5/5) D:13
  Crypt (0/3) Vaults:2     Depths (2/4) D:15          Sewer (visited)
  IceCv (visited)         Volcano (visited)

Altars:
Ashenzari
Cheibriados
Dithmenos
Elyvilon
Fedhas
Gozag
Hepliaklqana
Kikubaaqudgha
Makhleb
Nemelex Xobeh
Okawaru
Qazlal
Ru
Sif Muna
Trog
Uskayaw
Vehumet
Wu Jian
Xom
Yredelemnul
Zin
The Shining One
Beogh
Jiyva

Shops:
D:2 =   D:5 :   D:8 :   Orc:2 !(*:=   Elf:1 ?[   Elf:2 ::[[*   Elf:3 **
Shoals:1 [   Vaults:2 [   Depths:1 =:=

Portals:
Hell: Depths:1 Depths:2
Abyss: Depths:1
Pandemonium: Depths:2
Ziggurat: Depths:2

Annotations:
D:9 2 transporters


Innate Abilities, Weirdness & Mutations

A powerful demonic guardian rushes to your aid.
Your demonic aura causes all spilled blood to erupt in flames.
Your magical and physical power is greatly enhanced at high health.
Your movements are significantly less encumbered by armour. (ER -6)
You have a sharp stinger which inflicts weakening toxins.
Your mind is acute. (Int +2)
A frigid envelope surrounds you and freezes all who hurt you.


Message History

The jumping spider is poisoned.
The jumping spider leaps!
The green death gestures at you. The poison arrow hits you!!
You are lethally poisoned!
You cannot drink potions in your current state!
Blink to where?
Press: ? - help, Dir - move target
As you read the scroll of blinking, it crumbles to dust.
* * * LOW HITPOINT WARNING * * *
You feel extremely sick.
Okay, then.
Okay, then.
You cannot drink potions in your current state!
Unknown command.
Casting: Ozocubu's Refrigeration (dangerous; 7% risk of failure)
Confirm with . or Enter, or press ? or * to list all spells.
Okay, then.
Unknown command.
As you read the scroll of fog, it crumbles to dust.
The scroll dissolves into smoke.
* * * LOW HITPOINT WARNING * * *
You feel extremely sick.
You feel a bit more experienced.
* * * LOW HITPOINT WARNING * * *
You feel extremely sick.
* * * LOW HITPOINT WARNING * * *
You feel extremely sick.
There is an open door here.
You cannot drink potions in your current state!
Okay, then.
Okay, then.
Okay, then.
Okay, then.
* * * LOW HITPOINT WARNING * * *
You feel extremely sick.
You cannot drink potions in your current state!
Unknown command.
As you read the scroll of summoning, it crumbles to dust.
Wisps of shadow whirl around you...
You die...

....)<≈≈≈≈....###############..).
).....≈≈≈≈....# ####.
....).≈≈≈≈....# ##
..............# ..............#
..............#
..............####
#####.........D§D# ## #
..###.......##@# ##..
....####...###§### ###....
##.....##.##§QC§.## ##.....##
s###....###§§§§§..###....###.
..?######..§#####...######...
.....≈≈≈#.§☼#...#...#..○...†.
....≈≈†≈+.○°#.○.#...'.†°2†...
..†.≈≈≈≈#°.☼#...#...#.(.°○.○.
..)######○○.#####...######☼°.


You could see a friendly frost giant (summoned), a friendly fire dragon
(summoned), a friendly ice dragon (summoned) and a friendly tengu conjurer
(summoned).

Vanquished Creatures
  A dread lich (Vaults:5)
  2 ancient liches
  Mara (Vaults:3)
  Sojobo (Vaults:3)
  Arachne (Spider:2)
  6 liches
  3 tentacled monstrosities
  5 titans (Vaults:5)
  3 deep elf blademasters
  A deep elf master archer (Elf:3)
  5 krakens
  2 quicksilver dragons
  11 sphinxes
  Polyphemus (Shoals:4)
  9 tengu reavers
  2 shadow dragons (Vaults:5)
  7 storm dragons (Vaults:5)
  An azure jelly (IceCv)
  21 vault wardens
  5 ghost moths
  7 emperor scorpions
  4 fire giants
  4 frost giants
  Louise (Spider:3)
  4 deep elf sorcerers
  2 orc warlords
  A balrug (Depths:2)
  4 deep elf elementalists (Elf:3)
  Aizul (Elf:1)
  4 ghouls (D:14)
  11 stone giants
  27 very ugly things
  2 quicksilver oozes (IceCv)
  2 broodmothers (Spider:2)
  2 war gargoyles
  17 ironbound preservers
  7 ironbound thunderhulks
  7 deep elf demonologists
  2 vampire knights (Depths:1)
  6 deep elf annihilators
  8 entropy weavers
  A spark wasp (Spider:1)
  7 dire elephants
  An eidolon (Vaults:2)
  10 merfolk impalers
  2 green deaths (Depths:2)
  Snorg (D:11)
  The ghost of Casuohi the Thaumaturge, a journeyman DjCj of Okawaru (D:13)
  5 deep elf death magi
  7 ettins
  8 fire dragons
  6 merfolk javelineers
  10 deep elf high priests
  10 great orbs of eyes
  15 yaktaur captains
  14 boulder beetles
  6 ironbound frosthearts
  12 hydras
  4 ice dragons (Depths:2)
  A rakshasa (Depths:1)
  A hell beast (Depths:1)
  3 radroaches
  2 ogre magi (Vaults:5)
  A catoblepas (Shoals:4)
  30 vault guards
  A spriggan skeleton (Depths:2)
  6 jorogumos
  6 centaur warriors
  11 death yaks
  3 merfolk avatars
  23 dancing weapons
  3 two-headed ogres
  8 merfolk aquamancers
  A vampire mage (Vaults:2)
  A death knight (D:13)
  9 death scarabs
  5 tengu warriors
  2 deep troll earth magi
  9 orc high priests
  4 satyrs
  15 deep elf knights
  2 hell knights
  2 sun demons (Depths:2)
  A spectral emperor scorpion (Spider:4)
  Amaemon (D:11)
  21 sea snakes
  An iron troll (Depths:1)
  4 skeletal warriors
  6 pharaoh ants
  8 deep elf archers
  13 orb spiders
  A golden dragon skeleton (Depths:2)
  27 deep trolls
  12 ironbound convokers
  A spectral jorogumo (Spider:4)
  13 harpies
  10 steelbarb worms
  5 lindwurms
  An orange crystal statue (Depths:1)
  4 necromancers
  A spectral wolf spider (Spider:4)
  15 wizards
  A wolf spider zombie (Spider:4)
  56 ugly things
  A fire giant zombie (Depths:1)
  18 orc knights
  A mana viper (shapeshifter) (Vaults:5)
  24 deep elf zephyrmancers
  33 wolf spiders
  30 deep elf pyromancers
  4 orc sorcerers
  3 phantasmal warriors (Vaults:5)
  7 fauns
  21 manticores
  5 toenail golems (Volcano)
  7 cyclopes
  A guardian serpent (Lair:6)
  4 moths of wrath (Spider:4)
  6 merfolk sirens
  5 elephants (Lair:6)
  18 vault sentinels
  3 ice statues (IceCv)
  14 black mambas
  3 centaur zombies
  6 water nymphs
  A gargoyle (D:12)
  2 rust devils (Depths:2)
  7 torpor snails
  A kobold demonologist (D:13)
  2 unseen horrors
  An orange demon (D:11)
  A smoke demon (Depths:2)
  2 redback zombies (Spider:4)
  2 spectral redbacks (Spider:4)
  13 demonic crawlers
  21 cane toads
  An efreet (D:14)
  A storm dragon simulacrum (Depths:2)
  6 komodo dragons
  Psyche (D:9)
  4 freezing wraiths
  4 rime drakes
  27 yaktaurs
  2 hellwings (Depths:2)
  4 trolls
  2 red devils (Depths:2)
  An entropy weaver simulacrum (IceCv)
  6 wind drakes
  A queen bee (D:14)
  A tyrant leech (shapeshifter) (Vaults:5)
  2 spectral tarantellas (Spider:4)
  A meliai (shapeshifter) (Vaults:5)
  A tarantella (shapeshifter) (D:15)
  44 slime creatures
  10 polar bears
  6 meliai (D:14)
  53 tarantellas
  3 spectral jumping spiders (Spider:4)
  Prince Ribbit (D:9)
  21 merfolk
  A raiju (Lair:6)
  4 hornets
  2 spectral culicivoras (Spider:4)
  9 blink frogs
  11 snapping turtles
  24 dream sheep
  2 air elementals (Elf:3)
  14 culicivoras
  37 jumping spiders
  A spriggan (Lair:6)
  A shadow (D:5)
  A culicivora (shapeshifter) (D:13)
  15 wyverns
  21 water elementals
  4 fire elementals
  64 yaks
  2 wraiths
  8 basilisks
  62 redbacks
  Grum (D:9)
  15 vampire mosquitoes
  A steam dragon (D:7)
  A chaos spawn (Depths:2)
  7 wargs
  2 acid dragons
  21 water moccasins
  20 hell hounds
  4 demonic crawler simulacra (IceCv)
  2 human skeletons (Depths:1)
  2 ice beasts
  A floating eye (Depths:2)
  A sky beast (D:7)
  44 orc warriors
  12 black bears
  4 ugly thing simulacra (IceCv)
  31 wolves
  5 centaurs
  A phantom (D:6)
  5 kobold brigands
  Blork the orc (D:4)
  3 necrophages
  33 scorpions
  5 glowing shapeshifter simulacra (IceCv)
  12 bullfrogs
  A gnoll sergeant (D:8)
  3 earth elementals
  3 wights (D:8)
  19 killer bees
  2 jellies
  5 electric eels
  3 howler monkeys
  6 hounds
  Crazy Yiuf (D:6)
  43 orc priests
  An iguana (D:9)
  Terence (D:2)
  Ijyb (D:3)
  Natasha (thrice) (D:3)
  15 orc wizards
  7 hell rats
  A mummy (D:14)
  7 gnolls
  6 adders
  5 river rats (Sewer)
  3 shadow imps
  6 white imps
  An ufetubus (D:4)
  4 worms
  3 dart slugs
  131 orcs
  6 bats
  5 endoplasms
  8 goblins
  4 hobgoblins
  8 jackals
  5 quokkas
  15 ball pythons
  9 frilled lizards
  15 kobolds
  9 rats
  13 tentacles (Shoals:3)
2047 creatures vanquished.

Vanquished Creatures (collateral kills)
  A jiangshi (Vaults:2)
  A dancing weapon (Elf:2)
  A merfolk aquamancer (Shoals:2)
  A death yak (Lair:4)
  A sun moth (Spider:1)
  An orb spider (Spider:2)
  2 sea snakes (Shoals:2)
  A deep elf zephyrmancer (Elf:1)
  A manticore (Shoals:4)
  A freezing wraith (D:13)
  A merfolk (Shoals:2)
  A tarantella (Spider:4)
  A blink frog (Lair:4)
  Sigmund (D:2)
  2 water elementals (Shoals:2)
  2 yaks (D:9)
  A redback (Spider:2)
  2 orc warriors
  2 centaurs
  A killer bee (D:10)
  An orc priest (Orc:2)
  An orc wizard (D:8)
  A white imp (D:5)
  2 orcs (D:3)
  A hobgoblin (D:2)
  A ball lightning (Elf:3)
32 creatures vanquished.

Vanquished Creatures (others)
  A wizard (Vaults:4)
  A jumping spider (Depths:2)
  24 ball lightnings
  A bush (Lair:6)
  55 fungi
  343 plants
  28 tentacles
  2 withered plants (D:14)
455 creatures vanquished.

Grand Total: 2534 creatures vanquished

Notes
Turn   | Place    | Note
-------+----------+-------------------------------------------
     0 | D:1      | Dabor the Demonspawn Ice Elementalist began the quest for
                  | the Orb.
     0 | D:1      | Reached XP level 1. HP: 13/13 MP: 3/3
   303 | D:1      | Gained mutation: A weak demonic guardian rushes to your
                  | aid. [demonic ancestry]
   303 | D:1      | Reached XP level 2. HP: 17/19 MP: 1/5
   970 | D:2      | Noticed Sigmund
   977 | D:2      | Gained mutation: Your body sometimes deteriorates upon
                  | taking damage. [potion of mutation]
   977 | D:2      | Gained mutation: You passively map a small area around you.
                  | [potion of mutation]
   981 | D:2      | Killed Sigmund
   982 | D:2      | Gained mutation: A demonic guardian rushes to your aid.
                  | [demonic ancestry]
   982 | D:2      | Reached XP level 3. HP: 6/27 MP: 0/7
   982 | D:2      | Gained mutation: Your movements are slightly less
                  | encumbered by armour. (ER -2) [demonic ancestry]
   982 | D:2      | Reached XP level 4. HP: 7/33 MP: 0/8
   982 | D:2      | Gained mutation: You have a small tail. [demonic ancestry]
   982 | D:2      | Reached XP level 5. HP: 8/38 MP: 0/9
  1290 | D:2      | Learned a level 3 spell: Frozen Ramparts
  1294 | D:2      | Learned a level 3 spell: Ozocubu's Armour
  1495 | D:2      | Found a faded altar of an unknown god.
  1648 | D:2      | Found Meabooq's Jewellery Emporium.
  1682 | D:2      | Noticed Terence
  1689 | D:2      | Killed Terence
  2001 | D:2      | Reached XP level 6. HP: 22/46 MP: 1/10
  2426 | D:3      | Noticed Natasha
  2431 | D:3      | Killed Natasha
  2569 | D:3      | Noticed Natasha
  2578 | D:3      | Killed Natasha
  2746 | D:3      | Noticed Ijyb
  2754 | D:3      | Killed Ijyb
  2793 | D:3      | Noticed Natasha
  2799 | D:3      | Killed Natasha
  3187 | D:3      | Found a hide-covered altar of Uskayaw.
  3368 | D:3      | Found Hahey's Magic Scroll Boutique.
  3375 | D:3      | Bought a scroll of amnesia for 35 gold pieces
  3375 | D:3      | Bought a scroll of blinking for 75 gold pieces
  3686 | D:4      | Reached skill level 5 in Ice Magic
  3686 | D:4      | Gained mutation: Your movements are less encumbered by
                  | armour. (ER -4) [demonic ancestry]
  3686 | D:4      | Reached XP level 7. HP: 49/52 MP: 12/12
  3873 | D:3      | Bought a scroll of identify for 20 gold pieces
  4116 | D:4      | Found a shadowy altar of Dithmenos.
  4118 | D:4      | Noticed Blork the orc
  4123 | D:4      | Killed Blork the orc
  4528 | D:5      | Entered Level 5 of the Dungeon
  4528 | D:5      | Found a staircase to the Ecumenical Temple.
  4557 | Temple   | Entered the Ecumenical Temple
  4572 | Temple   | Lost mutation: You passively map a small area around you.
                  | [potion of mutation]
  4572 | Temple   | Lost mutation: Your body sometimes deteriorates upon taking
                  | damage. [potion of mutation]
  4572 | Temple   | Gained mutation: Your mind is acute. (Int +2) [potion of
                  | mutation]
  4572 | Temple   | Gained mutation: A frigid envelope surrounds you and
                  | freezes all who hurt you. [potion of mutation]
  4645 | Temple   | Became a worshipper of Makhleb the Destroyer
  4993 | D:5      | Found a radiant altar of Vehumet.
  5014 | D:5      | Found Dubul's Book Shop.
  5079 | D:5      | Noticed a shadow
  5087 | D:5      | Killed a shadow
  5449 | D:6      | Found a glowing drain.
  5462 | Sewer    | Entered a sewer
  5552 | Sewer    | Reached * piety under Makhleb
  5616 | Sewer    | Gained mutation: Your demonic aura sometimes causes spilled
                  | blood to erupt in flames. [demonic ancestry]
  5616 | Sewer    | Reached XP level 8. HP: 61/61 MP: 14/14
  6282 | D:6      | Found a sacrificial altar of Ru.
  6409 | D:6      | Reached skill level 5 in Dodging
  6409 | D:6      | Reached skill level 5 in Spellcasting
  6769 | D:6      | Found a runed translucent door.
  6770 | D:6      | Noticed Crazy Yiuf
  6848 | D:6      | Reached skill level 5 in Fighting
  7275 | D:6      | Killed Crazy Yiuf
  7276 | D:6      | Reached skill level 1 in Armour
  7569 | D:3      | Bought a scroll of identify for 20 gold pieces
  7569 | D:3      | Bought a scroll of identify for 20 gold pieces
  7569 | D:3      | Bought a scroll of identify for 20 gold pieces
  7569 | D:3      | Bought a scroll of identify for 20 gold pieces
  7569 | D:3      | Bought a scroll of identify for 20 gold pieces
  7968 | D:7      | Gained mutation: Your demonic aura often causes spilled
                  | blood to erupt in flames. [demonic ancestry]
  7968 | D:7      | Reached XP level 9. HP: 68/68 MP: 10/17
  8107 | D:7      | Reached ** piety under Makhleb
  8170 | D:7      | Identified the +5 ring mail of the Snake Pit {rCorr Int+3}
  8793 | D:8      | Paralysed by a hornet for 1 turns
  8998 | D:8      | Found Liegrurr's Book Emporium.
  9134 | D:8      | Found a snail-covered altar of Cheibriados.
  9136 | D:8      | Found a sparkling altar of Nemelex Xobeh.
  9139 | D:8      | Found a bloodstained altar of Trog.
  9729 | D:9      | Noticed a two-headed ogre
  9739 | D:9      | Killed a two-headed ogre
  9741 | D:9      | Gained mutation: You have a tail ending in a sharp stinger.
                  | [demonic ancestry]
  9741 | D:9      | Reached XP level 10. HP: 65/77 MP: 13/19
  9840 | D:9      | Reached *** piety under Makhleb
 10005 | D:9      | Found a staircase to the Orcish Mines.
 10110 | D:9      | Noticed Psyche
 10117 | D:9      | Killed Psyche
 10302 | D:9      | Learned a level 4 spell: Hailstorm
 10319 | D:9      | Found a bloodstained altar of Trog.
 10328 | D:9      | Reached **** piety under Makhleb
 10331 | D:9      | Reached skill level 1 in Conjurations
 10356 | D:9      | Found a transporter.
 10396 | D:9      | Found a transporter.
 10518 | D:9      | Found a staircase to the Lair.
 10559 | D:9      | Noticed Grum
 10569 | D:9      | Killed Grum
 10630 | D:9      | Noticed Prince Ribbit
 10636 | D:9      | Gained mutation: You have a sharp stinger which inflicts
                  | weakening toxins. [demonic ancestry]
 10636 | D:9      | Reached XP level 11. HP: 86/86 MP: 22/22
 10638 | D:9      | Killed Prince Ribbit
 11133 | D:2      | Bought a ring of poison resistance for 240 gold pieces
 11301 | Lair:1   | Entered Level 1 of the Lair of Beasts
 11621 | Lair:1   | Identified the +1 leather armour "Urchumane" {Will+ Str+3}
 11654 | Lair:1   | Reached skill level 1 in Long Blades
 13466 | Lair:3   | Reached skill level 5 in Conjurations
 13550 | Lair:3   | Found a dark tunnel.
 13559 | Volcano  | Entered a volcano
 13595 | Volcano  | Noticed a wizard
 13603 | Volcano  | Killed a wizard
 13619 | Volcano  | Noticed a wizard
 13622 | Volcano  | Killed a wizard
 13629 | Volcano  | Noticed a wizard
 13636 | Volcano  | Killed a wizard
 13637 | Volcano  | Reached XP level 12. HP: 95/95 MP: 18/24
 14113 | Lair:3   | Noticed a death yak
 14114 | Lair:3   | Noticed a death yak
 14118 | Lair:3   | Noticed a death yak
 14125 | Lair:3   | Killed a death yak
 14152 | Lair:3   | Killed a death yak
 14156 | Lair:3   | Killed a death yak
 14187 | Lair:3   | Noticed a boulder beetle
 14203 | Lair:3   | Killed a boulder beetle
 14204 | Lair:3   | Reached skill level 10 in Fighting
 14215 | Lair:3   | Reached skill level 10 in Ice Magic
 14497 | Lair:3   | Reached ***** piety under Makhleb
 14913 | Lair:3   | Found a staircase to the Shoals.
 15055 | Lair:4   | Identified the amulet "Juistaank" {Rampage rF+ Will-
                  | Regen+}
 15191 | Lair:4   | Found a hole to the Spider Nest.
 15365 | Lair:4   | Noticed a death yak
 15373 | Lair:4   | Killed a death yak
 15374 | Lair:4   | Reached XP level 13. HP: 101/104 MP: 20/26
 15395 | Lair:4   | Reached skill level 10 in Dodging
 15395 | Lair:4   | Reached skill level 10 in Spellcasting
 17008 | Lair:6   | Entered Level 6 of the Lair of Beasts
 17273 | Lair:6   | Reached ****** piety under Makhleb
 17297 | Lair:6   | Reached XP level 14. HP: 113/113 MP: 28/28
 17588 | D:5      | Bought a book of Ice for 644 gold pieces
 17594 | D:5      | Learned a level 5 spell: Freezing Cloud
 18093 | Lair:6   | Found a viscous altar of Jiyva.
 18093 | Lair:6   | Found a staircase to the Slime Pits.
 18196 | Lair:6   | Reached skill level 1 in Air Magic
 18224 | Lair:6   | Reached skill level 5 in Long Blades
 19275 | Orc:1    | Entered Level 1 of the Orcish Mines
 19452 | Orc:2    | Entered Level 2 of the Orcish Mines
 19462 | Orc:2    | Found Calos's Jewellery Shop.
 19464 | Orc:2    | Found a staircase to the Elven Halls.
 19851 | Orc:2    | Reached skill level 5 in Stealth
 20505 | Orc:2    | Found Hastumunli's Distillery.
 20505 | Orc:2    | Found Boxey's Book Shoppe.
 20506 | Orc:2    | Found Tiph's Antique Weapon Emporium.
 20506 | Orc:2    | Found Jyalowk's General Store.
 20881 | D:2      | Bought the ring "Fixische" {rF+ rCorr Int+3 Dex+3} for 602
                  | gold pieces
 21121 | Orc:1    | Noticed an orc warlord
 21138 | Orc:1    | Killed an orc warlord
 21738 | Shoals:1 | Entered Level 1 of the Shoals
 21750 | Shoals:1 | Found Joti's Armour Shoppe.
 21776 | Shoals:1 | Gained mutation: Your demonic aura causes all spilled blood
                  | to erupt in flames. [demonic ancestry]
 21776 | Shoals:1 | Reached XP level 15. HP: 55/120 MP: 28/30
 21916 | Shoals:1 | Reached skill level 5 in Armour
 23253 | Shoals:2 | Reached skill level 5 in Air Magic
 24585 | Shoals:2 | Reached skill level 1 in Invocations
 24593 | Shoals:2 | Reached skill level 2 in Invocations
 25110 | Shoals:3 | Learned a level 6 spell: Conjure Ball Lightning
 25112 | Shoals:3 | Noticed a kraken
 25305 | Shoals:3 | Reached skill level 3 in Invocations
 25305 | Shoals:3 | Gained mutation: Your magical and physical power is
                  | slightly enhanced at high health. [demonic ancestry]
 25305 | Shoals:3 | Reached XP level 16. HP: 92/129 MP: 31/31
 25379 | Shoals:3 | Noticed a kraken
 25505 | Shoals:3 | Noticed a kraken
 25515 | Shoals:3 | Killed a kraken
 25515 | Shoals:3 | Killed a kraken
 25657 | Shoals:3 | Noticed a kraken
 25665 | Shoals:3 | Killed a kraken
 25730 | Shoals:3 | Killed a kraken
 25731 | Shoals:3 | Reached skill level 4 in Invocations
 26436 | Shoals:4 | Entered Level 4 of the Shoals
 26730 | Shoals:4 | Reached skill level 5 in Invocations
 27101 | Shoals:4 | Noticed Polyphemus
 27112 | Shoals:4 | Killed Polyphemus
 27114 | Shoals:4 | Reached skill level 6 in Invocations
 27820 | Orc:2    | Bought the amulet of the Distant Future {Reflect -Tele
                  | Regen+ rCorr Int+2 SH+5} for 576 gold pieces
 28278 | Shoals:4 | Reached skill level 7 in Invocations
 28994 | Shoals:4 | Noticed a kraken
 28997 | Shoals:4 | Reached skill level 8 in Invocations
 29014 | Shoals:4 | Killed a kraken
 29128 | Shoals:4 | Got a barnacled rune of Zot
 29458 | Elf:1    | Entered Level 1 of the Elven Halls
 29551 | Elf:1    | Reached skill level 9 in Invocations
 29707 | Elf:1    | Noticed Aizul
 29719 | Elf:1    | Killed Aizul
 30171 | Elf:1    | Reached skill level 10 in Invocations
 30267 | Elf:1    | Reached XP level 17. HP: 125/138 MP: 22/33
 30300 | Elf:1    | Got the Papyrus of Battle Magic
 30383 | Elf:1    | Found a shimmering blue altar of Sif Muna.
 30504 | Elf:1    | Found Xutsusei's Magic Scroll Shop.
 30698 | Elf:1    | Got the Almanac of Supportive Attacks
 30791 | Elf:1    | Found Ibbewecu's Armour Shop.
 31132 | Elf:2    | Found Loot's Assorted Antiques.
 31147 | Elf:2    | Found Upoobuew's Armour Shop.
 31650 | Elf:2    | Learned a level 5 spell: Lightning Bolt
 31823 | Elf:2    | Found Cicezus's Antique Armour Shop.
 32213 | Elf:2    | Found Omeec's Book Shop.
 32233 | Elf:2    | Found Kuyrom Poani's Book Shop.
 32468 | Elf:2    | Found a huge runed translucent gate.
 32468 | Elf:2    | Found a huge runed translucent gate.
 32473 | Elf:2    | Found a huge runed translucent gate.
 32474 | Elf:2    | Found a huge runed translucent gate.
 32474 | Elf:2    | Found a huge runed translucent gate.
 32474 | Elf:2    | Noticed a deep elf blademaster
 32636 | Elf:2    | Killed a deep elf blademaster
 32896 | Elf:2    | Reached skill level 1 in Shields
 33492 | Elf:3    | Entered Level 3 of the Elven Halls
 33493 | Elf:3    | Paralysed by an air elemental for 1 turns
 33496 | Elf:3    | Paralysed by an air elemental for 1 turns
 33601 | Elf:3    | Paralysed by an air elemental for 1 turns
 33866 | Elf:3    | Found Geffafab's General Store.
 33866 | Elf:3    | Found Eklaxkef's General Store.
 34297 | Elf:1    | Bought the +0 mask of the Dragon {Will+ Slay+3 SInv} for
                  | 634 gold pieces
 34297 | Elf:1    | Found the +0 mask of the Dragon {Will+ Slay+3 SInv}
 34835 | Elf:3    | Gained mutation: Your movements are significantly less
                  | encumbered by armour. (ER -6) [demonic ancestry]
 34835 | Elf:3    | Reached XP level 18. HP: 144/146 MP: 19/34
 35083 | Elf:3    | Identified the +1 leather armour of Baps {rPois Str-4
                  | Int+10 Dex-5}
 35314 | Elf:3    | Identified the +9 flail "Burutuam" {drain, rPois rC+}
 35314 | Elf:3    | Identified the amulet of Hosap {Acrobat rCorr Dex+10}
 35463 | Elf:3    | Noticed a Hell Sentinel
 35671 | Elf:3    | Identified the amulet "Neduz" {Reflect -Cast +Inv Str+4
                  | SH+5}
 35851 | Elf:3    | Identified the +10 scimitar "Guklass" {freeze, Int+4}
 36069 | Elf:3    | Identified the +7 hand crossbow of Etacisa {flame, Fly
                  | rC+++ Will- Str+4}
 36235 | Elf:2    | Bought the Unrestrained Analects for 748 gold pieces
 36243 | Elf:2    | Learned a level 7 spell: Ozocubu's Refrigeration
 36424 | Spider:1 | Entered Level 1 of the Spider Nest
 37923 | Spider:1 | Reached skill level 10 in Air Magic
 38637 | Spider:2 | Reached skill level 11 in Invocations
 38936 | Spider:2 | Identified a scroll of acquirement
 38960 | Spider:2 | Acquired 879 gold pieces
 39368 | Spider:2 | Noticed Arachne
 39376 | Spider:2 | Reached XP level 19. HP: 131/153 MP: 5/36
 39377 | Spider:2 | Killed Arachne
 39384 | Spider:2 | Reached skill level 12 in Invocations
 39407 | Spider:2 | Reached skill level 5 in Shields
 40324 | Spider:2 | Identified the +10 falchion of Peace {spect, +Blink rElec
                  | Dex+2}
 40592 | Spider:3 | Noticed Louise
 40603 | Spider:3 | Killed Louise
 40604 | Spider:3 | Reached skill level 13 in Invocations
 41759 | Spider:4 | Entered Level 4 of the Spider Nest
 41888 | Spider:4 | Reached skill level 14 in Invocations
 42280 | Spider:4 | Reached skill level 15 in Invocations
 42467 | Spider:4 | Identified the +2 hat of Action {rF+ rN+}
 42473 | Spider:4 | Got a gossamer rune of Zot
 42642 | Spider:4 | Paralysed by a jorogumo for 3 turns
 43125 | D:10     | Entered Level 10 of the Dungeon
 43720 | D:10     | Found a shimmering blue altar of Sif Muna.
 43898 | D:11     | Noticed Snorg
 43902 | D:11     | Killed Snorg
 43908 | D:11     | Found a frozen archway.
 43920 | IceCv    | Entered an ice cave
 43944 | IceCv    | Reached skill level 15 in Ice Magic
 44278 | IceCv    | Reached skill level 16 in Invocations
 44313 | IceCv    | Found a viscous altar of Jiyva.
 44342 | IceCv    | Identified the +9 ice dragon scales "Boick" {rElec rF- rC++
                  | SInv}
 44448 | IceCv    | Identified the +1 robe of Nyeze {+Blink}
 44757 | D:11     | Reached XP level 20. HP: 156/160 MP: 37/37
 44865 | D:11     | Noticed Amaemon
 44872 | D:11     | Killed Amaemon
 45238 | D:12     | Reached skill level 1 in Evocations
 46149 | D:13     | Found a gate to the Vaults.
 46266 | D:13     | Found a transporter.
 46268 | D:13     | Noticed Casuohi's ghost (journeyman DjCj)
 46394 | D:13     | Found a basalt altar of Yredelemnul.
 46430 | D:13     | Found a transporter.
 46674 | D:13     | Killed Casuohi's ghost
 47906 | D:15     | Entered Level 15 of the Dungeon
 48305 | D:15     | Found a staircase to the Depths.
 48792 | Vaults:1 | Entered Level 1 of the Vaults
 50011 | Vaults:1 | Identified the +0 robe of Daisies {rElec Will- Slay+3}
 50315 | Vaults:2 | Reached skill level 10 in Conjurations
 50530 | Vaults:2 | Found a staircase to the Crypt.
 50870 | Vaults:2 | Found Haedo's Antique Armour Emporium.
 50878 | Vaults:2 | Bought the +3 pair of gauntlets of War {Slay+5} for 1282
                  | gold pieces
 50878 | Vaults:2 | Found the +3 pair of gauntlets of War {Slay+5}
 50964 | Vaults:2 | Reached skill level 15 in Fighting
 50968 | Vaults:2 | Gained mutation: Your magical and physical power is
                  | enhanced at high health. [demonic ancestry]
 50968 | Vaults:2 | Reached XP level 21. HP: 168/168 MP: 38/38
 51701 | Vaults:3 | Reached skill level 10 in Long Blades
 52084 | Vaults:3 | Reached skill level 10 in Armour
 52285 | Vaults:3 | Noticed Mara
 52290 | Vaults:3 | Noticed Dabor's illusion
 52291 | Vaults:3 | Killed Mara
 52315 | Vaults:3 | Noticed Sojobo
 52331 | Vaults:3 | Killed Sojobo
 52332 | Vaults:3 | Reached skill level 5 in Evocations
 52506 | Vaults:3 | Identified the +1 scale mail of Broken Taboos {rC+}
 52771 | Vaults:3 | Identified the +1 leather armour "Losoem" {rN+ Will++ Dex-5
                  | Stlth+}
 54022 | Vaults:5 | Entered Level 5 of the Vaults
 54031 | Vaults:5 | Gained mutation: Your magical and physical power is greatly
                  | enhanced at high health. [demonic ancestry]
 54031 | Vaults:5 | Reached XP level 22. HP: 135/175 MP: 24/40
 54211 | Vaults:5 | Identified the ring "Agicwioc" {Will+ Str+6}
 54300 | Vaults:5 | Noticed a dread lich
 54318 | Vaults:5 | Killed a dread lich
 54419 | Vaults:5 | Got a silver rune of Zot
 54435 | Vaults:5 | Got Lapog's Compendium of the Fifty Runes
 54459 | Vaults:5 | Identified the +2 pair of boots of Zathesiph {MP+9 Dex+3}
 54645 | Vaults:5 | Identified the +1 ring mail of Woallasi {*Corrode rF+++
                  | Str+3 Dex+8}
 55936 | Depths:1 | Entered Level 1 of the Depths
 56204 | Depths:1 | Found a one-way gate to the infinite horrors of the Abyss.
 56427 | Depths:1 | Found a gateway to Hell.
 56531 | Depths:1 | Gained mutation: A powerful demonic guardian rushes to your
                  | aid. [demonic ancestry]
 56531 | Depths:1 | Reached XP level 23. HP: 181/181 MP: 41/41
 56631 | Depths:1 | Found Ottony's Jewellery Shop.
 56632 | Depths:1 | Found Naamitt's Book Shoppe.
 56634 | Depths:1 | Found Zotz's Jewellery Shop.
 56643 | Depths:1 | Bought the ring "Hosuz" {rF+ Will++ AC+4 Str-3 Dex+2
                  | Stlth+} for 1063 gold pieces
 56650 | Depths:1 | Bought the amulet of Counuus {RegenMP Slay+2} for 590 gold
                  | pieces
 57034 | Depths:2 | Noticed an ancient lich
 57034 | Depths:2 | Noticed an ancient lich
 57034 | Depths:2 | Found a one-way gateway to a ziggurat.
 57255 | Depths:1 | HP: 6/170 [ancient lich/crystal spear (92)]
 57711 | Depths:1 | Learned a level 7 spell: Orb of Destruction
 57732 | Depths:1 | Killed an ancient lich
 57782 | Depths:2 | Killed an ancient lich
 58079 | Depths:2 | Found a one-way gate leading to the halls of Pandemonium.
 58658 | Depths:2 | Reached skill level 15 in Conjurations
 59387 | Depths:2 | Reached skill level 15 in Air Magic
 59403 | Depths:2 | HP: 9/181 [poisoned by a green death (poison arrow)]
 59404 | Depths:2 | HP: 2/181 [poisoned by a green death (poison arrow)]
 59405 | Depths:2 | Succumbed to a green death's poison arrow

Illustrated notes

Levels and vault maps discovered:
D:1:      saegor_arrival_simple_a, layout_rooms
D:2:      layout_basic, shapermc_ecumenical_altar_venn, serial_shops,
          nicolae_lakefront_shop, supply_closet_lemuel, uniq_terence,
          uniq_sigmund
D:3:      layout_basic, mainiacjoe_overflow_six_doors_small,
          serial_corexii_hall, corexii_hall_statues_i, corexii_hall_statues_x,
          serial_shops, shop, roderic_roman_lattice, uniq_natasha, uniq_ijyb
D:4:      layout_loops_corners, nicolae_tso_swordbearing_angel,
          grunt_dithmenos_smoke, nrook_mini_vaults, grunt_ministairs_9,
          uniq_blork_the_orc
D:5:      layout_gridville, lemuel_doored_altar, minmay_temple_entry_large_hall,
          serial_shops, kennysheep_mini_moat
D:6:      layout_loops_ring, hangedman_ru_absence, portal_sewer_entry_d,
          uniq_crazy_yiuf_cottage
D:7:      layout_basic
D:8:      minmay_angry_zag, layout_basic, minmay_overflow_temple_star_quad,
          serial_shops, nicolae_shop_window_shopping
D:9:      gammafunk_cloud_chamber, layout_cave_pools, minmay_lair_entry_grove,
          hiddenorc2_lemuel, serial_park, serial_park_gazebo
          [serial_park_minivault_5x5_6], serial_park_square3
          [serial_park_minivault_5x5_4], serial_park_tiny_pond,
          uniq_prince_ribbit1, uniq_grum, uniq_psyche
D:10:     layout_roguey, lemuel_blue_sif_altar, ebering_dispersal_statue_hall,
          chequers_serial_rivers_small_3, hex_medium
D:11:     layout_basic, portal_ice_cave_entry_pillars_2, kennysheep_path_1,
          uniq_amaemon, uniq_snorg
D:12:     layout_basic, disabler_island
D:13:     layout_roguey, erik_vaults_1, gammafunk_ghost_mausoleum,
          lemuel_zombie_altar_yredelemnul
D:14:     layout_roguey, serial_undead, serial_undead_c, serial_undead_a,
          serial_undead_e, serial_undead_f, serial_undead_e, special_room
          [special_room_bee]
D:15:     hangedman_depths_entry_civil_slaughter, layout_loops_ring,
          minmay_misc_feat_tiny
Temple:   dshaligram_water_room_temple
Lair:1:   layout_cave_pods, serial_rivers, chequers_serial_rivers_room_a,
          chequers_serial_rivers_small_a, chequers_serial_rivers_room_a,
          chequers_serial_rivers_micro_a, chequers_serial_rivers_micro_c,
          chequers_serial_rivers_small_3, serial_bayou_shore_b
Lair:2:   layout_small_grid, grunt_megastairs_2
Lair:3:   layout_regular_city, elwin_shoals_entry_stream, enter_volcano_3
Lair:4:   layout_loops_ring, nicolae_spider_entry_orb_guardian,
          chequers_serial_rivers_micro_b
Lair:5:   layout_cave_pods, st_stairs_12, serial_bayou_shore_b
Lair:6:   hangedman_lair_caniforms_friends, layout_regular_city,
          hangedman_lair_tendril_chambers, dpeg_slime_entry_enclosed_altar,
          chequers_serial_rivers_large_b, grunt_forest_large_clearing_hut
Shoals:1: layout_shoals, serial_shops, shop_fountains
Shoals:2: cheibrodos_shoals_three_sisters, layout_shoals,
          nicolae_shoals_pincushion_passage, uniq_jorgrun
Shoals:3: layout_shoals, nicolae_shoals_kraken_party
Shoals:4: shoals_end_hangedman, layout_shoals, uniq_polyphemus
Spider:1: spiders_nest_a, nicolae_spider_rock_and_or_roll
Spider:2: nicolae_spider_hilbert_zone_2 [nicolae_spider_hilbert_4_sides_1_open,
          nicolae_spider_hilbert_4_sides_1_open,
          nicolae_spider_hilbert_4_sides_1_open,
          nicolae_spider_hilbert_4_sides_1_open,
          nicolae_spider_hilbert_6_sides_1_open,
          nicolae_spider_hilbert_6_sides_1_open,
          nicolae_spider_hilbert_3_sides_1_open,
          nicolae_spider_hilbert_3_sides_1_open,
          nicolae_spider_hilbert_3_sides_1_open,
          nicolae_spider_hilbert_3_sides_1_open,
          nicolae_spider_hilbert_6_sides_1_open,
          nicolae_spider_hilbert_6_sides_1_open,
          nicolae_spider_hilbert_6_sides_1_open,
          nicolae_spider_hilbert_6_sides_1_open], drop_trap,
          nicolae_arachne_temple
Spider:3: layout_chambers, uniq_louise
Spider:4: floodkiller_spider_rune_tomb
Orc:1:    layout_caves, minmay_orc_barracks
Orc:2:    st_orc_pillars, layout_caves, serial_shops, nicolae_shop_trees,
          mines2_lemuel
Elf:1:    layout_geoelf_octagon, serial_shops, nicolae_shop_crystal,
          nicolae_shop_statue_plus, basic_altar, minmay_elf_annihilation,
          minmay_elf_sorcery, grunt_megastairs_3, uniq_aizul
Elf:2:    elven_hall_of_blades_hangedman_alternative
          [nicolae_vaults_blade_armed_guards], layout_rooms, serial_shops, shop,
          shop, nicolae_shop_crystal, shop, shop, special_room
          [special_room_orc], hangedman_elven_pyramids
Elf:3:    minmay_elf_hall_not_hex, layout_loops_corners, minmay_shoptagon
Vaults:1: vaults_mumra_hex, nicolae_vaults_little_ls, vaults_dpeg_doors,
          ontoclasm_vaults_idyll, vaults_room_ringed_pool, vaults_mumra_lcd,
          ontoclasm_vaults_misaligned, v_alt_pattern_5, ontoclasm_vaults_twist,
          vaults_dpeg_ring, layout_vaults_chaotic_city
Vaults:2: v_misc_24, v_misc_13, ontoclasm_vaults_ring_large, v_misc_31,
          minmay_crypt_entry_simple_plaza, v_pattern_1, vaults_room_pools,
          v_misc_3, nicolae_vaults_little_squares_2,
          nicolae_vaults_shelves_hall, hangedman_vaults_pinch,
          vaults_room_mumra_shop_pool, ontoclasm_vaults_bender,
          nicolae_vaults_murderbox, layout_vaults_omnibox
Vaults:3: vaults_room_corners, hangedman_vaults_stream,
          nicolae_vaults_little_squares_5, ontoclasm_vaults_shuriken, v_misc_18,
          ontoclasm_vaults_chip, st_check, ontoclasm_vaults_pinch, v_pattern_5,
          grunt_vaults_diagonal, hangedman_vaults_restitches,
          layout_vaults_big_cross, uniq_sojobo, uniq_mara
Vaults:4: hangedman_vaults_capsules, hangedman_vaults_hat, st_octagons_2,
          ontoclasm_vaults_chip, v_misc_24, nicolae_vaults_angled_halls,
          nicolae_vaults_mini_display_case, vaults_room_hallway,
          ontoclasm_vaults_gateway, layout_vaults_ring
Vaults:5
Depths:1: layout_roguey [special_room_mythical_zoo], hex_intersection,
          abyss_entry, hell_entry, minivault_16, zin_statuary, minmay_shop_grove
Depths:2: cheibrodos_poisonous_passages, layout_gridlike, enter_ziggurat_c,
          hell_entry, grunt_pan_entry_sceptre, chequers_big_river,
          minmay_staircase_bubble

Skill      XL: |  1  2  3  4  5  6  7  8  9 10 11 12 13 14 15 16 17 18 19 20 21 22 23 |
---------------+----------------------------------------------------------------------+-----
Dodging        | 2 3 4 5 6 7 8 9 10 11 12 13 14 | 14.0
Fighting       | 2 3 4 5 6 8 9 10 11 12 13 14 15 | 15.0
Spellcasting   | 3 4 5 6 7 8 9 10 11 12 13 14 | 14.9
Ice Magic      | 4 5 6 7 8 9 10 11 12 13 15 | 15.1
Armour         | 2 3 4 6 7 8 9 10 | 10.0
Conjurations   | 2 5 6 8 9 10 12 13 15 | 15.4
Long Blades    | 3 4 6 7 8 9 11 14 | 14.0
Stealth        | 4 5 6 7 |  7.0
Air Magic      | 3 6 8 9 10 12 13 15 | 15.0
Invocations    | 3 10 11 16 | 16.0
Shields        | 2 4 5 6 7 8 |  8.0
Evocations     | 3 5 |  5.0

Action                   |  1- 3 |  4- 6 |  7- 9 | 10-12 | 13-15 | 16-18 | 19-21 | 22-24 || total
-------------------------+-------+-------+-------+-------+-------+-------+-------+-------++-------
Melee: Unarmed           |     4 |       |       |       |       |       |       |       ||     4
       Short sword       |    16 |    14 |       |       |       |       |       |       ||    30
       Long sword        |       |    60 |   158 |   197 |   568 |   352 |       |       ||  1335
       Tailslap          |       |     5 |    15 |    29 |   100 |   104 |   284 |   130 ||   667
       Punch             |       |       |     3 |     3 |    14 |     3 |       |       ||    23
       Scimitar          |       |       |       |       |       |   188 |    91 |       ||   279
       Falchion          |       |       |       |       |       |       |  1009 |   389 ||  1398
Throw: Dart              |       |    15 |     6 |     8 |    10 |    21 |    14 |       ||    74
 Cast: Freeze            |    36 |     7 |     2 |       |       |       |       |       ||    45
       Frozen Ramparts   |       |    12 |    22 |    29 |    30 |    13 |     7 |     1 ||   114
       Ozocubu's Armour  |       |     7 |    20 |    28 |    38 |    41 |    18 |     2 ||   154
       Hailstorm         |       |       |       |     2 |    22 |    33 |       |       ||    57
       Freezing Cloud    |       |       |       |       |   102 |   174 |    10 |    15 ||   301
       Conjure Ball Ligh |       |       |       |       |       |     8 |       |     3 ||    11
       Lightning Bolt    |       |       |       |       |       |    27 |     9 |     5 ||    41
       Ozocubu's Refrige |       |       |       |       |       |    21 |    65 |    64 ||   150
       Orb of Destructio |       |       |       |       |       |       |       |    35 ||    35
Invok: Minor Destruction |       |       |       |       |     1 |       |       |       ||     1
       Lesser Servant of |       |       |       |       |     1 |       |       |       ||     1
       Major Destruction |       |       |       |       |       |     1 |       |     2 ||     3
 Abil: Evoke Blink       |       |       |       |       |       |       |     1 |       ||     1
Evoke: Wand              |       |       |       |     6 |    16 |    12 |       |     1 ||    35
       Phial of floods   |       |       |       |       |     2 |     2 |     1 |     1 ||     6
       Phantom mirror    |       |       |       |       |     2 |       |     1 |       ||     3
       Tin of tremorston |       |       |       |       |       |       |     4 |       ||     4
       Lightning rod     |       |       |       |       |       |       |       |     4 ||     4
  Use: Potion            |     6 |     1 |     1 |       |     1 |     4 |    10 |     3 ||    26
       Scroll            |       |     1 |    12 |     4 |     7 |     7 |     5 |     6 ||    42
 Stab: Sleeping          |       |     7 |     8 |     2 |     1 |     8 |    43 |     1 ||    70
       Distracted        |       |       |       |       |     4 |     7 |    37 |    12 ||    60
       Invisible         |       |       |       |       |       |       |     1 |       ||     1
Armor: Robe              |    18 |    20 |    42 |       |       |       |       |       ||    80
       Ring mail         |       |       |    20 |   108 |   275 |   204 |    85 |       ||   692
       Ice dragon scales |       |       |       |       |       |       |   190 |   140 ||   330
Dodge: Dodged            |    44 |    43 |   111 |   144 |   609 |   467 |   963 |   204 ||  2585
Block: Other             |       |       |       |       |       |    25 |       |       ||    25
       Buckler           |       |       |       |       |       |   139 |   456 |   120 ||   715
       Reflection        |       |       |       |       |       |    12 |    12 |    10 ||    34

Table legend: (Time is in decaauts)
 A = Elapsed time spent in this place.
 B = Non-inter-level travel time spent in this place.
 C = Inter-level travel time spent in this place.
 D = Time resting spent in this place.
 E = Time spent auto-exploring this place.
 F = Levels seen in this place.
 G = Mean time per level.
                   A        B        C        D        E       F      G
               +--------+--------+--------+--------+--------+-----+--------+
         Total |  60116 |  54469 |   5647 |  10068 |  31472 |  45 | 1335.9 |
       Dungeon |  16280 |  13893 |   2387 |   1043 |  10125 |  15 | 1085.3 |
        Temple |    101 |     88 |     13 |      0 |     10 |   1 |  101.0 |
          Lair |   8033 |   6792 |   1241 |    293 |   4870 |   6 | 1338.8 |
        Shoals |   7674 |   7321 |    353 |   2954 |   2714 |   4 | 1918.5 |
   Spider Nest |   6654 |   6364 |    290 |   1444 |   3335 |   4 | 1663.5 |
  Orcish Mines |   2174 |   1865 |    309 |    405 |    790 |   2 | 1087.0 |
   Elven Halls |   6854 |   6408 |    446 |   2204 |   2517 |   3 | 2284.7 |
        Vaults |   6922 |   6481 |    441 |    235 |   4816 |   5 | 1384.4 |
        Depths |   3424 |   3259 |    165 |   1246 |   1236 |   2 | 1712.0 |
         Sewer |    939 |    939 |      0 |     80 |    651 |   1 |  939.0 |
      Ice Cave |    610 |    610 |      0 |    115 |    164 |   1 |  610.0 |
       Volcano |    446 |    446 |      0 |     48 |    241 |   1 |  446.0 |
               +--------+--------+--------+--------+--------+-----+--------+

Top non-repeatable levels by time:
   Elf:3: 2632 daAuts
Shoals:4: 2595 daAuts
   Elf:2: 2473 daAuts
Spider:1: 2223 daAuts
Depths:1: 1989 daAuts
Shoals:2: 1971 daAuts
Spider:2: 1965 daAuts
  Lair:6: 1788 daAuts
   Elf:1: 1749 daAuts
Shoals:3: 1647 daAuts
Vaults:5: 1639 daAuts
  Lair:1: 1567 daAuts
     D:9: 1485 daAuts
Vaults:1: 1468 daAuts
Shoals:1: 1460 daAuts
